Map: Dusty Gorge

Players

Brainiac

  • Race: Zerg Zerg
  • Spawn Location: 3:00

Bertserker

  • Race: Protoss Protoss
  • League: Master
  • Spawn Location: 5:00

PureLegacy - Winner!

  • Race: Terran Terran
  • Spawn Location: 9:00

Morthlock - Winner!

  • Race: Zerg Zerg
  • League: Diamond
  • Spawn Location: 11:00

VOD

Have the link to the VOD?

Description

Time

  • Played on: Dec. 3, 2018, 11:11 a.m.
  • Length: 3:58
Show
View Real Time Build Order
Export as new Build Order

Brainiac Zerg 

Build Orders: Pool First 

Get SALT Encoding   

  12  0:01  Drone  
  13  0:12  Overlord  
  13  0:18  Drone  
  14  0:31  Drone x2  
  14  0:35  Drone  
  17  0:48  Spawning Pool  
  16  0:52  Drone, Extractor  
  16  0:57  Drone  
  17  1:19  Hatchery  
  17  1:21  Drone  
  17  1:28  Overlord  
  17  1:41  Queen  
  17  1:45  Zergling x2  
  20  1:49  Zergling x2  
  21  2:03  Metabolic Boost  
  21  2:06  Zergling x4  
  23  2:17  Queen  
  25  2:25  Drone x2  
  27  2:35  Drone  
  28  2:59  Baneling Nest  
  26  3:09  Queen  
  26  3:11  Drone, Queen  
  26  3:12  Drone x2  
  32  3:20  Zergling x6  
  32  3:26  Zergling x2  
  30  3:32  Zergling x2  
  23  3:40  Zergling x2  
  23  3:41  Zergling x4  
Show
View Real Time Build Order
Export as new Build Order

Bertserker Protoss 

Build Orders: Phoenix Opening 

Get SALT Encoding   

  12  0:00  Probe  
  13  0:13  Probe  
  14  0:18  Pylon  
  14  0:25  Probe  
  15  0:30  Assimilator  
  15  0:37  Probe  
  16  0:45  Probe  
  16  0:47  Gateway  
  17  0:53  Probe  
  17  1:03  Probe  
  18  1:05  Assimilator  
  19  1:15  Probe  
  20  1:23  Probe  
  20  1:30  Pylon  
  20  1:32  Probe  
  21  1:35  Cybernetics Core  
  22  1:51  Probe  
  23  2:04  Probe  
  24  2:12  Stargate  
  24  2:14  Stargate  
  24  2:17  Adept  
  24  2:21  Pylon  
  25  2:49  Nexus  
  25  2:59  Phoenix  
  25  3:03  Phoenix  
  29  3:24  Adept  
Show
View Real Time Build Order
Export as new Build Order

PureLegacy Terran - Winner!

Build Orders:  

Get SALT Encoding   

  12  0:01  SCV  
  13  0:13  SCV  
  14  0:18  Supply Depot  
  14  0:25  SCV  
  15  0:30  Refinery  
  15  0:40  SCV  
  16  0:47  Barracks  
  16  0:52  SCV  
  17  1:07  Barracks  
  17  1:17  Barracks  
  17  1:21  SCV  
  18  1:35  Reaper  
  19  1:41  Orbital Command  
  19  1:47  Refinery  
  19  1:54  Reaper  
  19  2:00  Supply Depot  
  20  2:04  Reaper  
  21  2:11  Reaper  
  21  2:13  SCV  
  23  2:25  SCV  
  23  2:27  Supply Depot, Reaper  
  25  2:36  Reaper  
  27  2:37  SCV  
  27  2:44  Reaper  
  28  2:53  SCV  
  29  2:59  Reaper  
  30  3:08  Reaper, SCV  
  32  3:16  Reaper  
  32  3:18  Command Center  
  34  3:41  SCV  
  35  3:51  Barracks Reactor x2  
  35  3:53  Barracks Tech Lab  
Show
View Real Time Build Order
Export as new Build Order

Morthlock Zerg - Winner!

Build Orders: Hatch First 

Get SALT Encoding   

  12  0:04  Drone  
  13  0:12  Drone  
  14  0:20  Overlord  
  14  0:39  Drone x3  
  17  0:52  Drone  
  18  1:00  Hatchery  
  17  1:05  Drone  
  18  1:14  Drone  
  19  1:19  Spawning Pool  
  19  1:21  Extractor  
  17  1:28  Drone  
  18  1:42  Overlord  
  18  1:45  Drone  
  19  2:09  Zergling x4  
  19  2:10  Queen  
  19  2:11  Queen  
  19  2:13  Zergling x2  
  26  2:22  Metabolic Boost  
  26  2:25  Zergling x4  
  28  2:35  Zergling x4  
  30  2:41  Overlord  
  30  2:51  Overlord  
  30  2:52  Zergling x2  
  30  2:56  Baneling Nest  
  30  2:57  Drone  
  31  3:08  Zergling x4  
  33  3:20  Zergling x2  
  33  3:21  Zergling x6  
  34  3:35  Zergling x8  
Tags
 
Add a new tag
Caveats
  • Supply blocks, unpowered buildings, or Contaminate may cause inaccurate times.
  • Supply counts are checked every 10 seconds.